 Dungeon Sprint DCSS version 0.18-a0-965-g9200175 (webtiles) character file.

12759 Ishamoridin the Peltast (level 12, -10/102 HPs)
             Began as a Formicid Fighter on Jan 1, 2016.
             Was the Champion of Cheibriados.
             Mangled by a large slime creature (32 damage)
             ... in the Dungeon (Sprint V: "Ziggurat Sprint").
             The game lasted 00:33:55 (2181 turns).

Ishamoridin the Peltast (Formicid Fighter)          Turns: 2181, Time: 00:33:55

Health: -10/102    AC: 24    Str: 55      XL:     12   Next: 24%
Magic:  13/24      EV:  8    Int: 24      God:    Cheibriados [******]
Gold:   0          SH:  0    Dex: 20 (21) Spells: 0 memorised, 13 levels left

rFire  . . .     SeeInvis +     p - +7 dagger "Anadauch" {pain, +Fly MP+9 Str+3 Dex-4}
rCold  . . .     Gourm    .     m - +5 crystal plate armour
rNeg   . . .     Faith    .     l - +3 large shield
rPois  .         Spirit   .     (helmet unavailable)
rElec  .         Dismiss  .     (no cloak)
rCorr  .         Reflect  .     (no gloves)
SustAt .         Harm     .     (no boots)
MR     +....                    X - amulet of regeneration
Stlth  ..........               q - +6 ring of strength
                                r - +6 ring of strength

@: confused, corroded equipment, very slow, somewhat resistant to hostile
enchantments, extremely unstealthy
A: permanent stasis, dig shafts and tunnels, four strong arms, antennae 3, claws
1, blurry vision 1, deterioration 1, low mp 1, screaming 1
a: Dig, Bend Time, Temporal Distortion, Slouch, Step From Time, Renounce
Religion, Evoke Flight


You were in the Dungeon.
You worshipped Cheibriados.
Cheibriados was exalted by your worship.
You were not hungry.

You visited 1 branch

Inventory:

Hand Weapons
 b - a +5 triple sword
 p - the +7 dagger "Anadauch" (weapon) {pain, +Fly MP+9 Str+3 Dex-4}
   (You found it in the Dungeon)

   In the hands of one skilled in necromantic magic, it inflicts extra damage on
   living creatures.
   It affects your strength (+3).
   It affects your dexterity (-4).
   It affects your magic capacity (+9).
   It lets you fly.
 v - a +5 triple crossbow
 S - a +1 dire flail of protection
Missiles
 w - 1065 bolts (quivered)
Armour
 l - a +3 large shield (worn)
 m - a +5 crystal plate armour (worn)
Jewellery
 a - a +3 ring of protection
 q - a +6 ring of strength (right claw)
 r - a +6 ring of strength (left claw)
 P - an uncursed ring of flight
 T - an uncursed ring of protection from magic
 X - an amulet of regeneration (around neck)
Scrolls
 c - 4 scrolls of enchant armour
 k - 4 scrolls of blinking
 y - 4 scrolls of amnesia
 A - 3 scrolls of recharging
 B - 7 scrolls of fog
 C - a scroll of holy word
 D - 5 scrolls of identify
 E - 5 scrolls of remove curse
 F - 2 scrolls of fear
Potions
 d - 5 potions of might
 e - 10 potions of curing
 g - 9 potions of heal wounds
 h - 6 potions of haste
 i - 6 potions of magic
 j - 3 potions of berserk rage
 G - 2 potions of brilliance
 H - 2 potions of invisibility
 I - 3 potions of resistance
 K - 5 potions of agility
Miscellaneous
 n - a piece from Xom's chessboard
 s - an ornate deck of changes {drawn: 6}
 u - a stone of tremors
 J - a piece from Xom's chessboard
 L - a sack of spiders
 U - a plain deck of defence
 W - a crystal ball of energy
 Y - a piece from Xom's chessboard
 Z - a plain deck of wonders {drawn: 4}
Comestibles
 f - 5 bread rations
 t - 2 royal jellies
 x - 41 fruits
 z - 4 meat rations


   Skills:
 + Level 12.2 Fighting
 * Level 0.6(4.1) Short Blades
 - Level 6.5(6.6) Long Blades
 - Level 10.2 Maces & Flails
 + Level 15.1 Armour
 + Level 20.5 Shields
 + Level 1.3 Spellcasting
 - Level 7.0 Invocations
 + Level 4.3 Evocations


You had 13 spell levels left.
You didn't know any spells.

Dungeon Overview and Level Annotations

Branches:
Dungeon (1/1)

Altars:
Ashenzari
Cheibriados
Dithmenos
Elyvilon
Fedhas
Gozag
Kikubaaqudgha
Makhleb
Nemelex Xobeh
Okawaru
Pakellas
Qazlal
Ru
Sif Muna
Trog
Vehumet
Xom
Yredelemnul
Zin
The Shining One
Beogh
Jiyva
Lugonu


Innate Abilities, Weirdness & Mutations

You are under a permanent stasis effect.
You can dig through walls and to a lower floor.
Your four strong arms can wield two-handed weapons with a shield.
You have a pair of large antennae on your head (SInv).
You have sharp fingernails.
Scrolls take you a little longer to read.
Your body sometimes deteriorates upon taking damage.
Your magical capacity is low (-10% MP).
You occasionally shout uncontrollably at your foes.


Message History

You are more confused.
Two slime creatures merge to form a large slime creature.
The acid blob spits acid at you. The splash of acid hits you!
The acid burns!
Your body deteriorates!
You feel clumsy. The golden eye blinks at you. You resist with some effort.
The slime creature hits you! The acid blob spits acid at you.
The splash of acid hits you! The acid corrodes you!
The acid burns!
The large slime creature hits you!!
You're too confused!
You hit the acid blob. The acid corrodes you!
Your claws burn!
* * * LOW HITPOINT WARNING * * *
The acid blob is lightly wounded.
The golden eye blinks at you.
You easily resist.
The slime creature hits you!
* * * LOW HITPOINT WARNING * * *
The acid blob hits you but does no damage.
The large slime creature hits you!!
You die...

▓...8©8...▓...8©8...
{
▓..)).}|..▓..=.)::..
{
▓..).}/...▓.........
▓.........▓....)....
▓.........▓.........
▓.........▓.........
▓.........▓.........
▓.JJJ.....▓.........
▓.▓@J...▓.▓.........
▓...G.....▓▓▓▓▓▓▓▓▓▓
▓▓▓▓▓▓▓▓▓▓▓


{{{{{{{{ {{{{{{{{{ {{ {{{{{{{{{{{{{{{{{{ {{ {{{{{{{{{{{{{{{{{{ {{{{{ You could
see an acid blob, 2 large slime creatures, a slime creature and a golden eye.

Vanquished Creatures
  2 vault guards (D)
  A ghost crab (shapeshifter) (D)
  An ogre mage (D)
  2 thrashing horrors (D)
  A wretched star (D)
  A fire crab (D)
  An unseen horror (shapeshifter) (D)
  2 ugly things (D)
  A shining eye (D)
  A komodo dragon (shapeshifter) (D)
  An ancient zyme (D)
  4 yaktaurs (D)
  A tormentor (D)
  A fire drake (D)
  A jumping spider (D)
  A merfolk (D)
  A boulder beetle (D)
  A large abomination (D)
  Sigmund (D)
  2 wyverns (D)
  A neqoxec (D)
  2 mottled dragons (D)
  A water moccasin (D)
  2 swamp drakes (D)
  2 centaurs (D)
  A small abomination (D)
  Blork the orc (D)
  A scorpion (D)
  2 jellies (D)
  2 quasits (D)
  2 iron imps (D)
  Jessica (D)
  2 adders (D)
  2 ufetubi (D)
  An ooze (D)
  2 ball pythons (D)
52 creatures vanquished.

Vanquished Creatures (others)
  A redback (D)
  A human (shapeshifter) (D)
  4 neqoxecs (D)
6 creatures vanquished.

Grand Total: 58 creatures vanquished

Notes
Turn   | Place    | Note
--------------------------------------------------------------
     0 | D        | Ishamoridin the Formicid Fighter began the quest for the Orb.
     0 | D        | Reached XP level 1. HP: 18/18 MP: 1/1
     0 | D        | Found an iron altar of Okawaru.
     0 | D        | Found a burning altar of Makhleb.
     0 | D        | Found a radiant altar of Vehumet.
     0 | D        | Found a deep blue altar of Sif Muna.
     0 | D        | Found a shimmering altar of Xom.
     0 | D        | Found a bloodstained altar of Trog.
    46 | D        | Found a white marble altar of Elyvilon.
    46 | D        | Found a sparkling altar of Nemelex Xobeh.
    46 | D        | Found a corrupted altar of Lugonu.
    46 | D        | Found a roughly hewn altar of Beogh.
    46 | D        | Found a viscous altar of Jiyva.
   125 | D        | Became a worshipper of Cheibriados the Contemplative
   135 | D        | Entered arena 1.
   135 | D        | Noticed a scorpion
   135 | D        | Noticed a jumping spider
   138 | D        | Killed a scorpion
   138 | D        | Reached skill level 5 in Fighting
   138 | D        | Reached skill level 5 in Armour
   138 | D        | Reached skill level 5 in Shields
   138 | D        | Reached XP level 2. HP: 23/27 MP: 2/2
   138 | D        | Reached XP level 3. HP: 28/33 MP: 3/3
   138 | D        | Reached XP level 4. HP: 33/39 MP: 4/4
   154 | D        | Killed a jumping spider
   154 | D        | Reached skill level 7 in Fighting
   154 | D        | Reached skill level 5 in Long Blades
   154 | D        | Reached skill level 9 in Shields
   154 | D        | Reached skill level 1 in Invocations
   154 | D        | Reached XP level 5. HP: 22/49 MP: 1/6
   154 | D        | Reached XP level 6. HP: 25/56 MP: 1/7
   333 | D        | Got the +3 glaive "Caczaegh" {pain, Str+8 Dex-3}
   339 | D        | Entered arena 2.
   339 | D        | Noticed Sigmund
   339 | D        | Noticed Jessica
   339 | D        | Noticed Blork the orc
   343 | D        | Killed Blork the orc
   343 | D        | Reached * piety under Cheibriados
   349 | D        | Killed Jessica
   349 | D        | Reached XP level 7. HP: 51/63 MP: 5/8
   351 | D        | Killed Sigmund
   351 | D        | Reached skill level 10 in Shields
   375 | D        | Learned a level 6 spell: Monstrous Menagerie
   408 | D        | Entered arena 3.
   408 | D        | Noticed a thrashing horror
   410 | D        | Reached ** piety under Cheibriados
   443 | D        | Killed a thrashing horror
   443 | D        | Reached *** piety under Cheibriados
   443 | D        | Reached skill level 13 in Shields
   443 | D        | Reached XP level 8. HP: 43/72 MP: 9/11
   575 | D        | Got the cursed ring of Holokhuk {rF- Str-5 SInv Stlth+}
   581 | D        | Entered arena 4.
   581 | D        | Noticed a yaktaur
   581 | D        | Noticed a yaktaur
   583 | D        | Noticed a soul eater
   588 | D        | Killed a yaktaur
   588 | D        | Reached skill level 10 in Fighting
   588 | D        | Reached skill level 5 in Invocations
   588 | D        | Reached XP level 9. HP: 58/78 MP: 1/12
   597 | D        | Reached XP level 10. HP: 42/85 MP: 3/13
   605 | D        | Reached **** piety under Cheibriados
   605 | D        | Reached skill level 14 in Shields
   613 | D        | Killed a yaktaur
  1059 | D        | Got the cursed +0 chain mail of Oqootel {rC+}
  1083 | D        | Entered arena 5.
  1087 | D        | Reached ***** piety under Cheibriados
  1087 | D        | Reached skill level 15 in Shields
  1110 | D        | Got the +7 dagger "Anadauch" {pain, +Fly MP+9 Str+3 Dex-4}
  1151 | D        | Entered arena 6.
  1151 | D        | Noticed a white ugly thing
  1151 | D        | Noticed a shining eye
  1151 | D        | Noticed a brown ugly thing
  1153 | D        | Noticed an unseen horror
  1153 | D        | a golden eye changed into an unseen horror
  1156 | D        | Killed an unseen horror
  1156 | D        | Reached skill level 5 in Maces & Flails
  1158 | D        | Gained mutation: You are robust (+10% HP). [a shining eye]
  1159 | D        | Gained mutation: Your magical capacity is low (-10% MP). [a shining eye]
  1160 | D        | Gained mutation: Your body sometimes deteriorates upon taking damage. [a shining eye]
  1162 | D        | Noticed a komodo dragon
  1162 | D        | a polar bear changed into a komodo dragon
  1163 | D        | Killed a shining eye
  1163 | D        | Reached skill level 16 in Shields
  1163 | D        | Reached skill level 1 in Spellcasting
  1167 | D        | Killed a komodo dragon
  1174 | D        | Killed a red ugly thing
  1177 | D        | Killed a white ugly thing
  1177 | D        | Reached skill level 17 in Shields
  1178 | D        | Gained mutation: Your mind is acute. (Int +2) [a neqoxec]
  1206 | D        | Entered arena 7.
  1206 | D        | Noticed a yaktaur
  1206 | D        | Gained mutation: Scrolls take you a little longer to read. [a neqoxec]
  1207 | D        | Lost mutation: Your mind is acute. (Int +2) [a neqoxec]
  1210 | D        | Lost mutation: You are robust (+10% HP). [a neqoxec]
  1211 | D        | Noticed a ghost crab
  1211 | D        | a yaktaur changed into a ghost crab
  1211 | D        | Gained mutation: Scrolls take you longer to read. [a neqoxec]
  1212 | D        | Gained mutation: You occasionally shout uncontrollably at your foes. [helix card]
  1212 | D        | Gained mutation: Your muscles are strong. (Str +2) [a neqoxec]
  1213 | D        | Reached XP level 11. HP: 92/92 MP: 14/14
  1217 | D        | Lost mutation: Scrolls take you longer to read. [helix card]
  1218 | D        | Lost mutation: Your muscles are strong. (Str +2) [helix card]
  1219 | D        | Gained mutation: You have sharp fingernails. [helix card]
  1229 | D        | Killed a ghost crab
  1229 | D        | Reached skill level 18 in Shields
  1229 | D        | Reached skill level 1 in Evocations
  1268 | D        | Entered arena 8.
  1282 | D        | Reached ****** piety under Cheibriados
  1853 | D        | Entered arena 9.
  1853 | D        | Noticed an ogre mage
  1853 | D        | Noticed a vault guard
  1853 | D        | Noticed a vault guard
  1853 | D        | Noticed a fire crab
  1858 | D        | Killed a fire crab
  1858 | D        | Reached skill level 19 in Shields
  1863 | D        | Killed a vault guard
  1864 | D        | Killed a vault guard
  1866 | D        | Killed an ogre mage
  1868 | D        | Reached skill level 20 in Shields
  1932 | D        | Entered arena 10.
  1932 | D        | Noticed a thrashing horror
  1932 | D        | Noticed a wretched star
  1933 | D        | Killed a thrashing horror
  1933 | D        | Reached XP level 12. HP: 52/102 MP: 15/15
  1935 | D        | Reached skill level 10 in Maces & Flails
  1935 | D        | Reached skill level 15 in Armour
  1935 | D        | Killed a wretched star
  2170 | D        | Entered arena 11.
  2174 | D        | Noticed an acid blob
  2181 | D        | Mangled by a large slime creature

Vault maps used:
D:        sprint_v

Action                   |  1- 3 |  4- 6 |  7- 9 | 10-12 || total
-------------------------+-------+-------+-------+-------++-------
Melee: Triple sword      |     3 |    10 |       |       ||    13
       Dire flail        |       |     3 |    41 |    91 ||   135
       Dagger            |       |       |       |     5 ||     5
Invok: Bend Time         |       |     2 |     1 |     1 ||     4
       Temporal Distorti |       |       |     1 |     1 ||     2
       Slouch            |       |       |       |    10 ||    10
       Step From Time    |       |       |       |     1 ||     1
 Abil: Dig               |     1 |       |       |     1 ||     2
Evoke: Deck              |       |       |       |    10 ||    10
       Wand              |       |       |       |     1 ||     1
       Piece from Xom's  |       |       |       |     1 ||     1
  Use: Potion            |       |       |     2 |     6 ||     8
  Eat: Fruit             |       |       |     1 |       ||     1
       Royal jelly       |       |       |       |     1 ||     1
       Chunk             |       |       |       |     1 ||     1
